 Dungeon Crawl Stone Soup version 0.29-a0-383-g8b6f518c11 (webtiles) character file.

Game seed: 6191667833812437988

700524 Ijustatesigmund the Crack Shot (level 27, -24/271 HPs)
             Began as a Gnoll Conjurer on May 3, 2022.
             Was the Champion of Cheibriados.
             Killed from afar by a crystal echidna (43 damage)
             ... with a crystal bolt
             ... on level 16 of a ziggurat on May 6, 2022.
             The game lasted 10:24:29 (118249 turns).

Ijustatesigmund the Crack Shot (Gnoll Conjurer)   Turns: 118249, Time: 10:24:31

Health: -24/271    AC: 42    Str: 24    XL:     27
Magic:  10/52      EV: 37    Int: 62    God:    Cheibriados [******]
Gold:   6734       SH:  0    Dex: 27    Spells: 1/67 levels left

rFire   . . .      SeeInvis +   u - +7 morningstar of the Spinneret {drain, Int+8 Dex+4 Stlth+}
rCold   . . .      Faith    .   z - +3 kite shield
rNeg    + + +      Spirit   .   (body armour currently unavailable)
rPois   ∞          Reflect  +   j - +1 helmet of Inquiry {Slay+3}
rElec   +          Harm     .   B - +1 cloak "Damnable Contraption" {+Inv rElec rN++ rCorr}
rCorr   +          Rampage  .   (gloves currently unavailable)
Will    ++...      Clarity  +   (boots currently unavailable)
Stlth   ++++......              D - amulet "Wuhishoso" {Reflect rCorr Int+3 Dex+3 SH+5}
HPRegen 0.55/turn               w - ring of Compassion {rElec EV+4 Int+6}
MPRegen 0.33/turn               h - ring "Otzilaf" {Wiz Fly Int+4 Dex-5 Slay+3}

@: confused, mighty, statue-form, ambrosia-drunk, flying, very slightly
contaminated, studying 3 skills, very slow
A: slow and powerful, torment resistance 1, boosted hp, fangs 1, strong nose,
distributed training, see invisible, clarity, clumsy 1, dopey 1, high MP 1
}: 4/15 runes: barnacled, slimy, silver, gossamer
a: End Transformation, Renounce Religion, Evoke Invisibility, Bend Time,
Temporal Distortion, Slouch, Step From Time


You were on level 16 of a ziggurat.
You worshipped Cheibriados.
Cheibriados was exalted by your worship.
You were a living statue of rough stone.
You visited 15 branches of the dungeon, and saw 58 of its levels.
You visited the Abyss 2 times.
You visited 1 ziggurat, and saw 16 of its levels.
You also visited: Ice Cave, Wizlab and Desolation.

You collected 10328 gold pieces.
You spent 3594 gold pieces at shops.

Inventory:

Hand Weapons
 m - the +11 war axe of a Gauntlet {drain, *Corrode +Blink rF+ rC++}
   (You acquired it on level 1 of the Depths)

   A truly terrible weapon, it drains the life of any living foe it strikes.
   rF:        It protects you from fire.
   rC:        It greatly protects you from cold.
   +Blink:    It lets you blink.
   *Corrode:  It may corrode you when you take damage.
 u - the +7 morningstar of the Spinneret (weapon) {drain, Int+8 Dex+4 Stlth+}
   (You found it on level 1 of the Shoals)

   A truly terrible weapon, it drains the life of any living foe it strikes.
   Int:       It affects your intelligence (+8).
   Dex:       It affects your dexterity (+4).
   Stlth:     It makes you more stealthy.
 K - a +9 sacred scourge of holy wrath
Armour
 a - +4 fire dragon scales
 d - the +2 cloak "Tuoc" {rF+ Str+2 Int+2 Dex+3}
   (You found it on level 5 of a ziggurat)

   Str:       It affects your strength (+2).
   Int:       It affects your intelligence (+2).
   Dex:       It affects your dexterity (+3).
   rF:        It protects you from fire.
 j - the +1 helmet of Inquiry (worn) {Slay+3}
   (You found it on level 14 of a ziggurat)

   Slay:      It affects your accuracy & damage with ranged weapons and melee
   (+3).
 q - a +2 pair of gloves of strength (melded)
 s - a +2 pair of boots of flying (melded)
 x - +10 pearl dragon scales (melded)
 z - a +3 kite shield (worn)
 B - the +1 cloak "Damnable Contraption" (worn) {+Inv rElec rN++ rCorr}
   (You bought it in a shop on level 4 of the Vaults)

   rElec:     It insulates you from electricity.
   rN:        It greatly protects you from negative energy.
   +Inv:      It lets you turn invisible.
   rCorr:     It protects you from acid and corrosion.
 Z - a scarf of resistance
Jewellery
 b - a ring of protection from fire
 e - a ring of poison resistance
 h - the ring "Otzilaf" (right fist) {Wiz Fly Int+4 Dex-5 Slay+3}
   (You found it in the Desolation of Salt)

   [ring of wizardry]

   It improves your spell success rate.
   Int:       It affects your intelligence (+4).
   Dex:       It affects your dexterity (-5).
   Slay:      It affects your accuracy & damage with ranged weapons and melee
   (+3).
   Fly:       It grants you flight.
 l - a ring of wizardry
 o - the ring "Wolar" {rC+ Will+ Int+4 Dex+4}
   (You found it on level 5 of the Pits of Slime)

   [ring of willpower]

   Int:       It affects your intelligence (+4).
   Dex:       It affects your dexterity (+4).
   rC:        It protects you from cold.
   Will:      It increases your willpower.
 w - the ring of Compassion (left fist) {rElec EV+4 Int+6}
   (You bought it in a shop on level 7 of the Dungeon)

   [ring of evasion]

   EV:        It affects your evasion (+4).
   Int:       It affects your intelligence (+6).
   rElec:     It insulates you from electricity.
 y - the ring "Beniazxai" {rPois rN++ Int+6 SInv Stlth+}
   (You found it on level 5 of the Pits of Slime)

   [ring of intelligence]

   Int:       It affects your intelligence (+6).
   rPois:     It protects you from poison.
   rN:        It greatly protects you from negative energy.
   SInv:      It lets you see invisible.
   Stlth:     It makes you more stealthy.
 D - the amulet "Wuhishoso" (around neck) {Reflect rCorr Int+3 Dex+3 SH+5}
   (You took it off a deep elf demonologist on level 3 of the Elven Halls)

   [amulet of reflection]

   It reflects blocked missile attacks.
   Int:       It affects your intelligence (+3).
   Dex:       It affects your dexterity (+3).
   rCorr:     It protects you from acid and corrosion.
   SH:        It affects your SH (+5).
 M - a ring of protection from cold
 P - the ring of Tyamioff {AC+4 Dex+4}
   (You found it on level 15 of a ziggurat)

   [ring of protection]

   AC:        It affects your AC (+4).
   Dex:       It affects your dexterity (+4).
 X - the ring "Nika" {Fly rF+ Str+3 SInv}
   (You found it on level 3 of the Crypt)

   [ring of protection from fire]

   Str:       It affects your strength (+3).
   rF:        It protects you from fire.
   SInv:      It lets you see invisible.
   Fly:       It grants you flight.
Wands
 p - a wand of flame (70)
 v - a wand of charming (9)
 A - a wand of acid (2)
 E - a wand of mindburst (39)
 G - a wand of digging (9)
 W - a wand of iceblast (11)
Scrolls
 f - 11 scrolls of teleportation
 g - 7 scrolls of fog
 n - 6 scrolls of brand weapon
 F - 7 scrolls of immolation
 H - 9 scrolls of poison
 I - 13 scrolls of enchant weapon
 N - 7 scrolls of magic mapping
 O - 8 scrolls of fear
 R - a scroll of enchant armour
 T - 4 scrolls of amnesia
 V - 2 scrolls of silence
Potions
 c - 11 potions of attraction
 i - 3 potions of ambrosia
 k - 20 potions of mutation
 t - 10 potions of curing
 C - 5 potions of cancellation
 J - 7 potions of brilliance
 L - 8 potions of lignification
 Q - 3 potions of invisibility
 S - 2 potions of might
 U - 8 potions of resistance
Miscellaneous
 r - a phantom mirror (inert)
 Y - a condenser vane (inert)


   Skills:
 + Level 20.2 Fighting
 + Level 20.2 Short Blades
 + Level 20.2 Long Blades
 + Level 20.2 Axes
 + Level 20.2 Maces & Flails
 + Level 20.2 Polearms
 + Level 20.2 Staves
 + Level 20.2 Slings
 + Level 22.3 Bows
 + Level 20.2 Crossbows
 + Level 20.2 Throwing
 + Level 20.2 Armour
 + Level 21.2 Dodging
 + Level 20.6 Stealth
 + Level 20.2 Shields
 + Level 20.2 Unarmed Combat
 + Level 20.7 Spellcasting
 + Level 18.5 Conjurations
 + Level 17.3 Hexes
 + Level 17.3 Summonings
 + Level 17.3 Necromancy
 + Level 17.3 Translocations
 + Level 17.3 Transmutations
 + Level 17.3 Fire Magic
 + Level 19.1 Ice Magic
 + Level 17.3 Air Magic
 + Level 17.3 Earth Magic
 + Level 17.3 Poison Magic
 + Level 21.8 Invocations
 + Level 20.2 Evocations


You had one spell level left.
You knew the following spells:

 Your Spells              Type           Power      Damage    Failure   Level
a - Magic Dart            Conj           100%       1d8       0%          1
b - Statue Form           Tmut/Erth      90%        N/A       0%          6
c - Iron Shot             Conj/Erth      68%        9d13      0%          6
d - Passage of Golubria   Tloc           100%       N/A       0%          4
e - Borgnjor's Revivific  Necr           67%        N/A       1%          8
f - Necromutation         Tmut/Necr      67%        N/A       1%          8
g - Blink                 Tloc           100%       N/A       0%          2
h - Death's Door          Necr           67%        N/A       6%          9
i - Fire Storm            Conj/Fire      68%        8d17      4%          9
k - Freezing Cloud        Conj/Ice/Air   69%        6-21      0%          5
l - Passwall              Tmut/Erth      100%       N/A       0%          2
m - Borgnjor's Vile Clut  Necr/Erth      67%        N/A       0%          5
n - Apportation           Tloc           100%       N/A       0%          1

Your spell library contained the following spells:

 Spells                   Type           Power      Damage    Failure   Level
 Animate Skeleton         Necr           100%       N/A       0%          1
 Beastly Appendage        Tmut           100%       N/A       0%          1
 Foxfire                  Conj/Fire      100%       2x1d9     0%          1
 Pain                     Necr           100%       1d9       0%          1
 Sandblast                Erth           100%       2d20      0%          1
 Shock                    Conj/Air       100%       1d9       0%          1
 Sting                    Tmut/Pois      100%       1d8       0%          1
 Summon Small Mammal      Summ           100%       N/A       0%          1
 Call Imp                 Summ           100%       N/A       0%          2
 Corpse Rot               Necr/Air       100%       N/A       0%          2
 Ensorcelled Hibernation  Hex/Ice        100%       N/A       0%          2
 Poisonous Vapours        Pois/Air       100%       N/A       0%          2
 Searing Ray              Conj           100%       2d8       0%          2
 Static Discharge         Conj/Air       100%       N/A       0%          2
 Sublimation of Blood     Necr           100%       N/A       0%          2
 Wereblood                Tmut           100%       N/A       0%          2
 Call Canine Familiar     Summ           100%       N/A       0%          3
 Conjure Flame            Conj/Fire      100%       6-21      0%          3
 Dazzling Flash           Conj/Hex       100%       N/A       0%          3
 Frozen Ramparts          Ice            100%       1d12      0%          3
 Gell's Gravitas          Tloc           100%       N/A       0%          3
 Ignite Poison            Fire/Tmut/Pois 100%       N/A       0%          3
 Inner Flame              Hex/Fire       100%       N/A       0%          3
 Lesser Beckoning         Tloc           100%       N/A       0%          3
 Mephitic Cloud           Conj/Pois/Air  100%       N/A       0%          3
 Ozocubu's Armour         Ice            100%       N/A       0%          3
 Portal Projectile        Hex/Tloc       100%       N/A       0%          3
 Spider Form              Tmut/Pois      100%       N/A       0%          3
 Stone Arrow              Conj/Erth      100%       3d13      0%          3
 Summon Guardian Golem    Hex/Summ       100%       N/A       0%          3
 Swiftness                Air            100%       N/A       0%          3
 Teleport Other           Tloc           100%       N/A       0%          3
 Tukima's Dance           Hex            100%       N/A       0%          3
 Vampiric Draining        Necr           100%       2d13      0%          3
 Airstrike                Air            67%        N/A       0%          4
 Anguish                  Hex/Necr       67%        N/A       0%          4
 Animate Armour           Summ/Erth      100%       N/A       0%          4
 Animate Dead             Necr           67%        N/A       0%          4
 Dispel Undead            Necr           100%       3d31      0%          4
 Fulminant Prism          Conj/Hex       68%        3d28      0%          4
 Ice Form                 Ice/Tmut       100%       N/A       0%          4
 Iskenderun's Mystic Bla  Conj/Tloc      100%       2d19      0%          4
 Olgreb's Toxic Radiance  Pois           100%       N/A       0%          4
 Petrify                  Tmut/Erth      100%       N/A       0%          4
 Sticky Flame             Conj/Fire      100%       2d11      0%          4
 Summon Ice Beast         Ice/Summ       100%       N/A       0%          4
 Summon Lightning Spire   Summ/Air       100%       N/A       0%          4
 Agony                    Necr           100%       N/A       0%          5
 Alistair's Intoxication  Tmut/Pois      90%        N/A       0%          5
 Blade Hands              Tmut           67%        N/A       0%          5
 Excruciating Wounds      Necr           67%        N/A       0%          5
 Fireball                 Conj/Fire      68%        3d26      0%          5
 Irradiate                Conj/Tmut      68%        3d36      0%          5
 Iskenderun's Battlesphe  Conj           100%       2d15      0%          5
 Lightning Bolt           Conj/Air       68%        1d93      0%          5
 Manifold Assault         Tloc           100%       N/A       0%          5
 Metabolic Englaciation   Hex/Ice        69%        N/A       0%          5
 Summon Mana Viper        Hex/Summ       100%       N/A       0%          5
 Yara's Violent Unravell  Hex/Tmut       67%        3d25      0%          5
 Conjure Ball Lightning   Conj/Air       68%        3x3d25    0%          6
 Death Channel            Necr           67%        N/A       0%          6
 Dispersal                Tloc           67%        N/A       0%          6
 Eringya's Noxious Bog    Tmut/Pois      67%        N/A       0%          6
 Simulacrum               Ice/Necr       69%        N/A       0%          6
 Starburst                Conj/Fire      68%        6d18      0%          6
 Dragon Form              Tmut           67%        N/A       1%          7
 Haunt                    Necr/Summ      67%        N/A       1%          7
 Malign Gateway           Summ/Tloc      67%        N/A       1%          7
 Monstrous Menagerie      Summ           67%        N/A       1%          7
 Orb of Destruction       Conj           69%        9d16      1%          7
 Storm Form               Tmut/Air       67%        N/A       1%          7
 Summon Hydra             Summ           67%        N/A       1%          7
 Discord                  Hex            67%        N/A       1%          8
 Disjunction              Tloc           67%        N/A       1%          8
 Infestation              Necr           67%        N/A       1%          8
 Lehudib's Crystal Spear  Conj/Erth      68%        10d16     1%          8
 Summon Horrible Things   Summ           67%        N/A       1%          8
 Chain Lightning          Conj/Air       68%        3d91      4%          9
 Dragon's Call            Summ           67%        N/A       6%          9
 Shatter                  Erth           67%        3d50*     6%          9


Dungeon Overview and Level Annotations

Branches:
Dungeon (15/15)            Temple (1/1) D:6            Lair (6/6) D:10
 Shoals (4/4) Lair:3       Spider (4/4) Lair:4        Slime (5/5) Lair:6
    Orc (2/2) D:12            Elf (3/3) Orc:2        Vaults (5/5) D:14
  Crypt (3/3) Vaults:3       Tomb (2/3) Crypt:3      Depths (4/4) D:15
   Hell (visited)             Dis (0/7) Hell            Geh (2/7) Hell
    Coc (0/7) Hell            Tar (0/7) Hell            Zot (1/5) Depths:4
  IceCv (visited)          WizLab (visited)         Desolation (visited)

Altars:
Cheibriados
Dithmenos
Elyvilon
Fedhas
Gozag
Hepliaklqana
Kikubaaqudgha
Makhleb
Nemelex Xobeh
Okawaru
Qazlal
Ru
Sif Muna
Uskayaw
Vehumet
Wu Jian
Yredelemnul
Zin
The Shining One
Jiyva

Shops:
D:4 (:!   D:7 =   D:12 !([?   Orc:2 *[=((*   Elf:1 !?*(   Shoals:2 (
Vaults:1 *   Vaults:4 [   Depths:3 ?   Depths:4 [

Portals:
Hell: Depths:1 Depths:2 Depths:3 Depths:4
Abyss: Depths:3
Pandemonium: Depths:2

Annotations:
Lair:6 Rupert


Innate Abilities, Weirdness & Mutations

You are a living statue of rough stone.
Your actions are slow, but your melee attacks are powerful.
You are resistant to unholy torment.
Your maximum health is greatly increased.
You are immune to poison.
Your equipment is partially melded.
You have very sharp teeth.
Your uncanny sense of smell can sniff out nearby items.
Your experience applies equally to all skills.
You have supernaturally acute eyesight. (SInv)
You possess an exceptional clarity of mind.
You are clumsy. (Dex -2)
You are dopey. (Int -2)
You have an increased reservoir of magic. (+10% MP)


Message History

Okay, then.
Aiming: Phantom Mirror
Press: ? - help, Dir - move target, f - iron golem
Aim: an iron golem (lightly damaged)
You reflect the iron golem with the mirror!
The mirror clouds!
The caustic shrike is engulfed in blazing flames.
The caustic shrike completely misses you.
The caustic shrike is engulfed in blazing flames.
The caustic shrike completely misses you.
Your iron golem closely misses the caustic shrike.
Your iron golem hits the caustic shrike!
The caustic shrike dies!
Cheibriados thoroughly appreciates the change of pace.
You block the iron golem's attack. x2; The crystal echidna bites you.
* * * LOW HITPOINT WARNING * * *
You block the iron giant's attack.
The crystal echidna completely misses you.
You block the Hell Sentinel's attack. The Hell Sentinel barely misses you.
The iron golem completely misses you. x2; Your iron golem hits the iron golem! x2
The iron golem barely misses you. You block the iron golem's attack.
You are confused.
You feel invigorated. The crystal echidna misses you.
The iron giant is engulfed in blazing flames.
The iron giant hits you with a +0 dire flail!!
* * * LOW HITPOINT WARNING * * *
The Hell Sentinel completely misses you.
The Hell Sentinel closely misses you.
The crystal echidna throws crystal bolt at you.
The crystal bolt burns you but does no damage.
The crystal bolt burns the iron golem but does no damage.
The iron golem hits you.
* * * LOW HITPOINT WARNING * * *
The iron golem completely misses you.
Your iron golem hits the iron golem!
Your iron golem barely misses the iron golem.
The iron golem hits your iron golem!!
The iron golem hits your iron golem but does no damage.
The crystal echidna throws crystal bolt at you.
The crystal bolt burns you!!!
You die...

*,,,,,,,,,,,,,..............
*,9...§§§§§.................
*,....§.°§§.§...............
**...§§§§§..§...............
*▓..§§§○§§.§...............
▓..§###.§§§§........###...
*▓....#§.9§§.............▓
**▓#..§91§§........###▓▓▓
*▓..§r89...........▓▓
▓▓▓▓C§r........▓▓▓▓
▓▓▓▓▓▓.▓▓▓▓▓▓ ▓▓▓


You could see 2 iron golems, an iron giant, a Hell Sentinel, 2 crystal echidnas
and a friendly iron golem (summoned, drained).

Vanquished Creatures
  the Royal Jelly (Slime:5)
  10 dread liches
  3 ancient liches
  22 royal mummies
  8 pandemonium lords
  Boris (Depths:3)
  Vv (Crypt:1)
  12 Killer Klowns
  Saint Roka (Depths:3)
  Xtahua (Crypt:1)
  3 caustic shrikes (Zig:16)
  Jory (Crypt:1)
  Margery (Depths:3)
  Geryon (Hell)
  3 golden dragons
  Nikola (Elf:2)
  2 profane servitors (Abyss:3)
  10 bone dragons
  A Tzitzimitl (Zig:4)
  Arachne (Spider:2)
  A doom hound (Zig:4)
  An iron giant (Zig:16)
  2 hellephants
  3 electric golems
  An Ice Fiend (Zig:10)
  Zenata (Elf:3)
  A shard shrike skeleton (Crypt:2)
  7 tentacled monstrosities
  Mlioglotl (Spider:2)
  3 deep elf blademasters
  2 Hell Sentinels
  Asterion (Spider:1)
  12 liches
  2 deep elf master archers (Elf:3)
  2 searing wretches
  4 quicksilver dragons
  11 titans
  2 quicksilver dragons (shapeshifter)
  6 ancient champions
  30 tentacled starspawn
  5 Executioners
  10 sphinxes
  26 acid blobs
  4 death cobs (Zot:1)
  5 shadow dragons
  9 tengu reavers
  5 storm dragons
  Roxanne (Spider:3)
  14 revenants
  10 frost giants
  22 rockslimes
  3 draconian monks
  3 quicksilver elementals (Zig:16)
  8 fire giants
  A frost giant (shapeshifter) (Zig:13)
  19 azure jellies
  An imperial myrmidon (Desolation)
  9 emperor scorpions
  5 deep elf sorcerers
  3 draconian scorchers
  4 caustic shrike zombies
  7 orc warlords
  2 cacodemons
  A spectral caustic shrike (WizLab)
  7 ghost moths
  5 deep elf elementalists
  22 vault wardens
  4 balrugs
  2 iron dragons
  5 broodmothers
  5 curse skulls
  29 ironbound preservers
  Aizul (Vaults:3)
  38 very ugly things
  11 ghouls
  9 ironbound thunderhulks
  6 reapers
  6 war gargoyles
  3 angels
  27 quicksilver oozes
  A stone giant (shapeshifter) (Zig:15)
  3 draconian stormcallers
  An ophan (Abyss:3)
  6 stone giants
  The ghost of Necrophagist the Eclecticist, a journeyman DsCj of Vehumet (Orc:2)
  6 bennus (Tomb:2)
  5 black draconians
  7 vampire knights
  3 green draconians
  A putrid mouth (Zig:4)
  8 deep elf demonologists
  The ghost of leebro123 the Basher, a journeyman DsBe of Trog (Orc:2)
  2 white draconians
  10 halazid warlocks
  2 lorocyprocas
  A bunyip (shapeshifter) (Vaults:5)
  11 entropy weavers
  12 deep elf annihilators
  2 yellow draconians (Depths:4)
  A demonspawn black sun (Zig:10)
  4 purple draconians
  A spectral titan (WizLab)
  6 statues (Depths:3)
  3 red draconians
  A minotaur (Shoals:1)
  9 dire elephants
  2 green deaths (Abyss:3)
  6 spark wasps
  5 blizzard demons
  3 crystal guardians
  12 deep elf death magi
  3 spectral quicksilver dragons (WizLab)
  9 eidola
  9 merfolk impalers (Shoals:4)
  5 fire dragons
  The ghost of Longtemps the Frost Mage, a journeyman OpIE of Vehumet (Orc:2)
  11 ettins
  4 ragged hierophants (Desolation)
  An elf zombie (Tomb:1)
  3 quicksilver dragon zombies
  19 mummy priests
  13 yaktaur captains
  4 deep elf high priests
  11 merfolk javelineers
  Fannar (Lair:3)
  16 great orbs of eyes
  3 ice dragons
  Josephine (Spider:1)
  9 jiangshi
  3 spriggan zombies
  A hell beast (Depths:4)
  5 salamander tyrants
  10 hydras
  10 peacekeepers
  6 rakshasas
  A boulder beetle (shapeshifter) (Abyss:3)
  6 servants of whispers (Desolation)
  11 spriggan air magi
  Erolcha (D:9)
  3 ogre magi
  9 boulder beetles
  11 ironbound frosthearts
  2 spriggan skeletons
  12 centaur warriors
  5 death knights
  5 catoblepae
  37 vault guards
  2 jorogumos
  6 alligator snapping turtles
  A death yak (shapeshifter) (Zig:15)
  13 two-headed ogres
  4 radroaches
  2 deep troll earth magi (Depths:3)
  4 naga warriors (Abyss:3)
  4 satyrs
  A spectral stone giant (Crypt:3)
  4 merfolk aquamancers
  24 death scarabs
  5 merfolk avatars
  9 vampire magi
  23 death yaks
  21 dancing weapons
  3 deep troll shamans
  33 hell hogs
  A spectral dire elephant (Crypt:3)
  58 thrashing horrors
  3 spriggan berserkers
  17 sun demons
  2 shock serpents (Zig:14)
  3 titan zombies
  7 soul eaters
  2 emperor scorpion zombies (Crypt:1)
  5 orc high priests
  29 hell knights
  A shock serpent (shapeshifter) (Abyss:3)
  26 skeletal warriors
  16 deep elf knights
  16 shadow wraiths
  A spectral spark wasp (WizLab)
  9 pharaoh ants
  A titan skeleton (Abyss:4)
  43 wretched stars
  An anaconda zombie (Hell)
  2 iron trolls
  6 sixfirhies
  9 steelbarb worms
  8 sea snakes
  13 spatial maelstroms
  9 glowing orange brains
  3 spark wasp zombies
  An obsidian statue (Zig:8)
  14 orb spiders
  A swamp dragon (shapeshifter) (D:9)
  11 flayed ghosts
  3 bog bodies
  47 deep trolls
  A golden dragon skeleton (Crypt:1)
  A wolf spider zombie (WizLab)
  5 spriggan simulacra
  A fenstrider witch simulacrum (Crypt:2)
  166 starcursed masses
  7 lindwurms
  8 orc knights
  34 deep elf zephyrmancers
  9 wizards
  7 deep elf archers
  3 shadow demons
  3 iron dragon zombies
  A goliath frog zombie (Crypt:2)
  2 sphinx zombies (Hell)
  2 spectral wolf spiders (WizLab)
  24 ironbound convokers
  An orange crystal statue (Vaults:3)
  3 anaconda skeletons
  30 deep elf pyromancers
  13 necromancers
  An iron giant skeleton (Abyss:3)
  A faun (shapeshifter) (Zig:15)
  27 harpies
  32 phantasmal warriors
  42 ugly things
  13 orc sorcerers
  4 shining eyes
  2 fire giant zombies (Hell)
  6 oklob plants
  3 human zombies
  10 moths of wrath
  6 cyclopes
  20 manticores
  2 will-o-the-wisps
  3 salamanders
  2 stone giant zombies (Hell)
  21 wolf spiders
  A shining eye (shapeshifter) (Zig:13)
  4 dire elephant zombies
  11 worldbinders
  7 ice statues
  15 fauns
  A black mamba (shapeshifter) (Elf:2)
  16 merfolk sirens
  6 rust devils
  10 apocalypse crabs
  An eye of devastation (shapeshifter) (Zig:15)
  5 guardian serpents (Abyss:3)
  A guardian serpent (shapeshifter) (Zig:8)
  6 black mambas
  A titan simulacrum (Crypt:2)
  21 elephants
  10 orange demons
  5 molten gargoyles (Hell)
  17 vault sentinels
  41 smoke demons
  11 water nymphs
  A storm dragon simulacrum (Crypt:2)
  2 cane toads (shapeshifter)
  A naga skeleton (Abyss:3)
  A stone giant skeleton (Abyss:3)
  Psyche (D:9)
  An eye of devastation (Slime:3)
  15 cane toads
  3 hellions
  7 demonic crawlers
  2 orb spider zombies
  8 torpor snails
  6 rime drakes
  25 freezing wraiths
  A gargoyle (D:12)
  A sea snake zombie (Hell)
  A yaktaur (shapeshifter) (Zig:15)
  5 unseen horrors
  An unseen horror (shapeshifter) (Zig:8)
  A dire elephant skeleton (Hell)
  A komodo dragon (shapeshifter) (Zig:15)
  A bunyip simulacrum (Crypt:2)
  A yellow draconian zombie (Crypt:3)
  13 efreet
  An iron troll zombie (Crypt:3)
  9 komodo dragons
  4 tengu conjurers
  A golden dragon simulacrum (Hell)
  31 yaktaurs
  8 ice devils
  29 guardian mummies
  4 anaconda simulacra
  A sea snake skeleton (Hell)
  2 tormentors
  An alligator snapping turtle skeleton (Crypt:2)
  A queen bee (Lair:3)
  A hydra zombie (Hell)
  32 ancient zymes
  A harpy zombie (Tomb:1)
  10 hellwings (Abyss:3)
  A yellow draconian skeleton (Crypt:1)
  A spectral harpy (WizLab)
  A wind drake (shapeshifter) (Abyss:3)
  A queen bee (shapeshifter) (Abyss:3)
  A red devil (Hell)
  2 silent spectres
  4 hornets
  9 wind drakes
  13 polar bears
  4 harpy skeletons
  12 meliai
  A pale draconian skeleton (Crypt:3)
  28 merfolk
  9 trolls
  27 tarantellas
  A tarantella (shapeshifter) (Abyss:3)
  10 dream sheep
  28 saltlings (Desolation)
  94 slime creatures
  92 raiju
  A jumping spider zombie (Crypt:2)
  91 large abominations
  21 blink frogs
  An alligator zombie (Hell)
  A stone giant simulacrum (Crypt:2)
  Prince Ribbit (D:7)
  A death drake skeleton (Crypt:2)
  An ettin skeleton (Crypt:2)
  11 snapping turtles
  49 flying skulls
  19 jumping spiders
  15 culicivoras
  35 water elementals
  A fire dragon skeleton (Crypt:1)
  A spriggan (shapeshifter) (Abyss:4)
  18 air elementals
  A centaur simulacrum (Crypt:2)
  2 naga simulacra (Crypt:2)
  2 spriggans (Depths:2)
  8 ushabtiu
  20 shadows
  4 wyverns
  An alligator skeleton (Hell)
  81 yaks
  11 ynoxinuls
  2 alligator snapping turtle simulacra
  4 dire elephant simulacra (Crypt:2)
  27 wraiths
  A fire elemental (Elf:3)
  A yak (shapeshifter) (Vaults:5)
  A steam dragon (Lair:3)
  8 fire bats (Abyss:3)
  20 chaos spawn
  25 neqoxecs
  13 golden eyes
  A hog (shapeshifter) (D:15)
  6 basilisks
  79 redbacks
  13 vampire mosquitoes
  Grum (D:11)
  21 spatial vortices
  3 harpy simulacra (Crypt:2)
  3 sea snake simulacra (Hell)
  A swamp worm (shapeshifter) (Depths:4)
  2 naga zombies
  7 nagas (Abyss:3)
  4 wargs
  14 water moccasins
  3 acid dragons
  7 hell hounds
  Duvessa (D:4)
  A deep troll skeleton (Crypt:3)
  A two-headed ogre skeleton (Crypt:2)
  A merfolk skeleton (Crypt:3)
  77 small abominations
  A black bear (shapeshifter) (Depths:2)
  3 sky beasts
  5 ice beasts
  67 orc warriors
  An ice beast (shapeshifter) (Abyss:2)
  An ice dragon simulacrum (Crypt:2)
  2 black bears
  An ettin simulacrum (Hell)
  17 ogres
  A boggart (Vaults:2)
  12 centaurs
  36 wolves
  A blink frog skeleton (Crypt:3)
  2 phantoms
  13 bullfrogs
  A hog skeleton (Crypt:1)
  11 kobold brigands
  2 necrophages
  2 earth elementals
  7 gnoll sergeants
  A komodo dragon skeleton (Crypt:1)
  2 scorpions
  18 wights
  Dowan (D:4)
  35 killer bees
  6 electric eels
  10 howler monkeys
  2 crimson imps
  4 quasits (Abyss:3)
  Crazy Yiuf (D:2)
  A gnoll shaman (D:9)
  20 orc priests
  8 hounds
  4 jellies (Lair:6)
  7 iron imps
  4 iguanas
  24 orc wizards
  10 hell rats
  An acid dragon skeleton (Crypt:3)
  32 mummies
  24 gnolls
  3 river rats (Lair:1)
  13 adders
  23 white imps
  14 ufetubi
  A worm (D:2)
  2 dart slugs (D:2)
  90 orcs
  9 ball pythons
  A bat skeleton (Crypt:1)
  3 endoplasms
  A giant cockroach (shapeshifter) (Vaults:5)
  3 goblins
  3 hobgoblins
  5 jackals (D:1)
  7 quokkas
  2 bats
  5 frilled lizards
  36 kobolds
  A quokka skeleton (Crypt:2)
  11 rats
  A rat zombie (Crypt:3)
  4 ball lightnings (Zig:13)
  A butterfly (Lair:5)
  A creeping inferno (Geh:2)
  8 fire vortices
  A fulminant prism (D:15)
  8 lurking horrors
  20 starspawn tentacles
4161 creatures vanquished.

Vanquished Creatures (collateral kills)
  A royal mummy (Tomb:2)
  A Killer Klown (Zig:9)
  Parghit (Depths:3)
  A caustic shrike (Zig:16)
  2 titans
  An emperor scorpion (Zig:11)
  2 very ugly things
  2 alligator snapping turtles (shapeshifter) (Zig:15)
  A hydra (Lair:6)
  A death scarab (Tomb:1)
  An apocalypse crab (Zig:15)
  A komodo dragon (Lair:6)
  A merfolk (Zig:12)
  A water moccasin (Lair:6)
  An orc priest (Depths:3)
  3 mummies
21 creatures vanquished.

Vanquished Creatures (others)
  A fire giant (Geh:2)
  A lorocyproca (Zig:10)
  A great orb of eyes (Slime:1)
  A thrashing horror (Abyss:3)
  A deep elf knight (Elf:2)
  A wizard (D:14)
  2 ironbound convokers
  A necromancer (Abyss:4)
  A phantasmal warrior (WizLab)
  A harpy (Shoals:2)
  A deep elf pyromancer (Elf:1)
  Maurice (D:9)
  A large abomination (Abyss:3)
  A saltling (Desolation)
  A culicivora (Spider:3)
  3 flying skulls (WizLab)
  A chaos spawn (Zig:13)
  A harpy simulacrum (Abyss:3)
  2 small abominations (Abyss:3)
  2 orcs (Orc:1)
  2 ball lightnings (Zig:13)
  A creeping inferno (Geh:2)
  197 fire vortices
  8 foxfires
  25 fulminant prisms
  63 fungi
  4 lurking horrors (Abyss:3)
  147 plants
  92 starspawn tentacles
564 creatures vanquished.

Grand Total: 4746 creatures vanquished

Notes
Turn   | Place    | Note
-------+----------+-------------------------------------------
     0 | D:1      | Ijustatesigmund the Gnoll Conjurer began the quest for the
                  | Orb.
     0 | D:1      | Reached XP level 1. HP: 13/13 MP: 6/6
   276 | D:1      | Reached XP level 2. HP: 19/19 MP: 5/7
  1006 | D:1      | Found a hide-covered altar of Uskayaw.
  1022 | D:2      | Learned a level 2 spell: Searing Ray
  1076 | D:2      | Reached skill level 5 in Spellcasting
  1076 | D:2      | Reached XP level 3. HP: 25/25 MP: 4/9
  1141 | D:2      | Reached skill level 1 in Invocations
  1289 | D:2      | Reached skill level 1 in Fighting
  1289 | D:2      | Reached skill level 1 in Short Blades
  1289 | D:2      | Reached skill level 1 in Long Blades
  1289 | D:2      | Reached skill level 1 in Axes
  1289 | D:2      | Reached skill level 1 in Maces & Flails
  1289 | D:2      | Reached skill level 1 in Polearms
  1289 | D:2      | Reached skill level 1 in Staves
  1289 | D:2      | Reached skill level 1 in Slings
  1289 | D:2      | Reached skill level 1 in Bows
  1289 | D:2      | Reached skill level 1 in Crossbows
  1289 | D:2      | Reached skill level 1 in Throwing
  1289 | D:2      | Reached skill level 1 in Armour
  1289 | D:2      | Reached skill level 1 in Shields
  1289 | D:2      | Reached skill level 1 in Unarmed Combat
  1289 | D:2      | Reached skill level 1 in Evocations
  1491 | D:2      | Reached XP level 4. HP: 32/32 MP: 7/11
  1528 | D:2      | Found a runed translucent door.
  1528 | D:2      | Noticed Crazy Yiuf
  1547 | D:2      | Killed Crazy Yiuf
  1548 | D:2      | Reached skill level 1 in Hexes
  1548 | D:2      | Reached skill level 1 in Summonings
  1548 | D:2      | Reached skill level 1 in Necromancy
  1548 | D:2      | Reached skill level 1 in Translocations
  1548 | D:2      | Reached skill level 1 in Transmutations
  1548 | D:2      | Reached skill level 1 in Fire Magic
  1548 | D:2      | Reached skill level 1 in Ice Magic
  1548 | D:2      | Reached skill level 1 in Air Magic
  1548 | D:2      | Reached skill level 1 in Earth Magic
  1548 | D:2      | Reached skill level 1 in Poison Magic
  1555 | D:2      | Identified the +4 mace of Blood-Lust {antimagic, Str+3
                  | SInv}
  2166 | D:2      | Reached XP level 5. HP: 37/37 MP: 7/12
  2738 | D:3      | Learned a level 3 spell: Stone Arrow
  3497 | D:4      | Found Kawug's Weapon Boutique.
  3610 | D:4      | Found Legh's Book Shop.
  3633 | D:4      | Noticed a phantom
  3640 | D:4      | Killed a phantom
  3641 | D:4      | Reached skill level 5 in Dodging
  3641 | D:4      | Reached XP level 6. HP: 44/44 MP: 8/14
  3741 | D:4      | Reached skill level 2 in Bows
  3883 | D:4      | Found Jositz's Distillery.
  3890 | D:4      | Bought a potion of curing for 42 gold pieces
  4222 | D:4      | Reached XP level 7. HP: 50/50 MP: 9/15
  4271 | D:4      | Noticed Duvessa
  4271 | D:4      | Noticed Dowan
  4276 | D:4      | Killed Dowan
  4281 | D:4      | Killed Duvessa
  4715 | D:5      | Entered Level 5 of the Dungeon
  4722 | D:5      | Reached skill level 5 in Stealth
  4952 | D:5      | Reached XP level 8. HP: 57/57 MP: 3/16
  5222 | D:5      | Reached skill level 3 in Bows
  5430 | D:5      | Learned a level 4 spell: Passage of Golubria
  6211 | D:6      | Found a staircase to the Ecumenical Temple.
  7103 | D:7      | Reached XP level 9. HP: 65/65 MP: 11/18
  7170 | D:7      | Found a radiant altar of Vehumet.
  7288 | Temple   | Entered the Ecumenical Temple
  7296 | Temple   | Became a worshipper of Cheibriados the Contemplative
  7581 | D:7      | Reached skill level 4 in Bows
  7629 | D:7      | Noticed a hornet
  7634 | D:7      | Paralysed by a hornet for 2 turns
  7639 | D:7      | Killed a hornet
  8224 | D:7      | Found Eseodagi's Jewellery Shop.
  8491 | D:7      | Reached * piety under Cheibriados
  8617 | D:8      | Noticed Prince Ribbit
  8631 | D:7      | Killed Prince Ribbit
  8632 | D:7      | Reached skill level 5 in Invocations
  9500 | D:8      | Reached XP level 10. HP: 73/73 MP: 6/20
  9846 | D:8      | Noticed a two-headed ogre
  9853 | D:8      | Killed a two-headed ogre
  9854 | D:8      | Reached skill level 5 in Fighting
  9854 | D:8      | Reached skill level 5 in Short Blades
  9854 | D:8      | Reached skill level 5 in Long Blades
  9854 | D:8      | Reached skill level 5 in Axes
  9854 | D:8      | Reached skill level 5 in Maces & Flails
  9854 | D:8      | Reached skill level 5 in Polearms
  9854 | D:8      | Reached skill level 5 in Staves
  9854 | D:8      | Reached skill level 5 in Slings
  9854 | D:8      | Reached skill level 5 in Bows
  9854 | D:8      | Reached skill level 5 in Crossbows
  9854 | D:8      | Reached skill level 5 in Throwing
  9854 | D:8      | Reached skill level 5 in Armour
  9854 | D:8      | Reached skill level 5 in Shields
  9854 | D:8      | Reached skill level 5 in Unarmed Combat
  9854 | D:8      | Reached skill level 5 in Evocations
 10639 | D:8      | Reached ** piety under Cheibriados
 11783 | D:9      | Noticed a centaur warrior
 11785 | D:9      | Noticed a centaur warrior
 11792 | D:9      | Killed a centaur warrior
 11793 | D:9      | Reached XP level 11. HP: 16/81 MP: 7/22
 12114 | D:9      | Noticed a cyan ugly thing
 12115 | D:9      | Noticed a cyclops
 12131 | D:9      | Killed a cyan ugly thing
 12139 | D:9      | Killed a cyclops
 12140 | D:9      | Reached skill level 6 in Bows
 12243 | D:9      | Killed a centaur warrior
 12244 | D:9      | Reached skill level 5 in Hexes
 12244 | D:9      | Reached skill level 5 in Summonings
 12244 | D:9      | Reached skill level 5 in Necromancy
 12244 | D:9      | Reached skill level 5 in Translocations
 12244 | D:9      | Reached skill level 5 in Transmutations
 12244 | D:9      | Reached skill level 5 in Fire Magic
 12244 | D:9      | Reached skill level 5 in Ice Magic
 12244 | D:9      | Reached skill level 5 in Air Magic
 12244 | D:9      | Reached skill level 5 in Earth Magic
 12244 | D:9      | Reached skill level 5 in Poison Magic
 12565 | D:9      | Noticed a swamp dragon
 12574 | D:9      | Killed a swamp dragon
 12693 | D:9      | Noticed a six-headed hydra
 12701 | D:9      | Killed a six-headed hydra
 12822 | D:9      | Reached *** piety under Cheibriados
 12922 | D:9      | Noticed a white ugly thing
 12923 | D:9      | Noticed a green ugly thing
 12924 | D:9      | Noticed a purple ugly thing
 13357 | D:9      | Noticed Erolcha
 13363 | D:9      | Killed Erolcha
 13391 | D:9      | Noticed Maurice
 13403 | D:9      | Killed Maurice
 14033 | D:9      | Found an ancient bone altar of Kikubaaqudgha.
 14077 | D:9      | Reached **** piety under Cheibriados
 14276 | D:9      | Noticed Psyche
 14289 | D:9      | Killed Psyche
 14710 | D:9      | Killed a white ugly thing
 14710 | D:9      | Killed a brown ugly thing
 14711 | D:9      | Killed a brown ugly thing
 14712 | D:9      | Reached XP level 12. HP: 48/89 MP: 5/24
 14821 | D:9      | Identified the +1 plate armour "Jeewn" {+Blink}
 14825 | D:9      | Identified the +7 chain mail of Noakai Dubi {rC+ Regen+}
 14970 | D:10     | Entered Level 10 of the Dungeon
 15108 | D:10     | Found a staircase to the Lair.
 15267 | D:10     | Reached skill level 7 in Bows
 15460 | D:10     | Found a basalt altar of Yredelemnul.
 15536 | D:10     | Found a glowing silver altar of Zin.
 15921 | D:10     | Reached ***** piety under Cheibriados
 16915 | D:11     | Noticed a boulder beetle
 16990 | D:11     | Killed a boulder beetle
 17396 | D:11     | Noticed Grum
 17413 | D:11     | Killed Grum
 18072 | D:12     | Noticed a boulder beetle
 18093 | D:12     | Killed a boulder beetle
 18609 | D:12     | Found a staircase to the Orcish Mines.
 18958 | D:12     | Found Luuresip's Magic Scroll Boutique.
 19207 | D:12     | Found Tulor's Antique Armour Emporium.
 19209 | D:12     | Found Ynilunn's Distillery.
 19248 | D:12     | Found Demem's Weapon Emporium.
 19469 | D:13     | Noticed a centaur warrior
 19471 | D:13     | Killed a centaur warrior
 19501 | D:13     | Reached XP level 13. HP: 58/98 MP: 11/26
 19531 | D:13     | Found a frozen archway.
 19556 | IceCv    | Entered an ice cave
 19786 | IceCv    | Reached skill level 8 in Bows
 19791 | IceCv    | Learned a level 4 spell: Fulminant Prism
 20683 | IceCv    | Noticed a frost giant
 20711 | IceCv    | Reached skill level 10 in Conjurations
 20720 | IceCv    | Killed a frost giant
 20740 | IceCv    | Reached ****** piety under Cheibriados
 20859 | IceCv    | Upgraded the game from 0.29-a0-371-g91724d5b39 to
                  | 0.29-a0-378-gc08b2e8bf8
 20925 | IceCv    | Reached skill level 10 in Spellcasting
 21234 | IceCv    | Learned a level 4 spell: Sticky Flame
 22207 | D:7      | Bought the ring of Compassion {rElec EV+4 Int+6} for 813
                  | gold pieces
 22900 | D:14     | Reached skill level 10 in Dodging
 22900 | D:14     | Reached XP level 14. HP: 104/106 MP: 23/28
 23076 | D:14     | Reached skill level 9 in Bows
 23096 | D:14     | Reached skill level 10 in Stealth
 23580 | D:13     | Reached skill level 10 in Invocations
 23809 | D:14     | Found a gate to the Vaults.
 24329 | Lair:1   | Entered Level 1 of the Lair of Beasts
 25017 | Lair:1   | Identified the +6 shortbow of Impermanence {vorpal, +Blink
                  | Int+4}
 25807 | Lair:2   | Identified a scroll of acquirement
 25808 | Lair:2   | Acquired 1066 gold pieces
 26582 | Lair:3   | Reached XP level 15. HP: 115/115 MP: 29/29
 26809 | Lair:3   | Noticed Fannar
 26823 | Lair:3   | Killed Fannar
 26896 | Lair:3   | Found a staircase to the Shoals.
 27445 | Lair:4   | Reached skill level 10 in Fighting
 27445 | Lair:4   | Reached skill level 10 in Short Blades
 27445 | Lair:4   | Reached skill level 10 in Long Blades
 27445 | Lair:4   | Reached skill level 10 in Axes
 27445 | Lair:4   | Reached skill level 10 in Maces & Flails
 27445 | Lair:4   | Reached skill level 10 in Polearms
 27445 | Lair:4   | Reached skill level 10 in Staves
 27445 | Lair:4   | Reached skill level 10 in Slings
 27445 | Lair:4   | Reached skill level 10 in Bows
 27445 | Lair:4   | Reached skill level 10 in Crossbows
 27445 | Lair:4   | Reached skill level 10 in Throwing
 27445 | Lair:4   | Reached skill level 10 in Armour
 27445 | Lair:4   | Reached skill level 10 in Shields
 27445 | Lair:4   | Reached skill level 10 in Unarmed Combat
 27445 | Lair:4   | Reached skill level 10 in Evocations
 27474 | Lair:4   | Found a hole to the Spider Nest.
 28565 | Lair:5   | Identified the +7 trident of Impatience {vorpal, rElec
                  | Int-5 Dex+4 Stlth+}
 28935 | Lair:5   | You fall into a shaft and drop 1 floor!
 28935 | Lair:6   | Entered Level 6 of the Lair of Beasts
 29430 | Lair:5   | Reached XP level 16. HP: 118/123 MP: 31/31
 29441 | Lair:5   | Learned a level 2 spell: Blink
 30974 | Lair:6   | Noticed Rupert
 31066 | Lair:6   | Found a staircase to the Slime Pits.
 31149 | Lair:6   | Found a shadowy altar of Dithmenos.
 31652 | Orc:1    | Entered Level 1 of the Orcish Mines
 31835 | Orc:1    | Reached skill level 11 in Bows
 32224 | Orc:1    | Got the Incunabulum of the Raven
 32231 | Orc:1    | Learned a level 5 spell: Fireball
 32564 | Orc:1    | Found a runed translucent door.
 32897 | Orc:2    | Entered Level 2 of the Orcish Mines
 33028 | Orc:2    | Found Vaomn's General Store.
 33046 | Orc:2    | Bought 2 potions of brilliance for 96 gold pieces
 33046 | Orc:2    | Bought a scroll of fog for 24 gold pieces
 33046 | Orc:2    | Bought a wand of iceblast (6) for 120 gold pieces
 33553 | Orc:2    | Paralysed by an orc sorcerer for 5 turns
 34510 | Orc:2    | Found Luvaerphisu's Jewellery Shoppe.
 34510 | Orc:2    | Found Oxatz's Weapon Emporium.
 34600 | Orc:2    | Found a runed translucent gate.
 34600 | Orc:2    | Found a runed translucent gate.
 34600 | Orc:2    | Found a runed translucent gate.
 34642 | Orc:2    | Found Mousoury's General Store.
 34648 | Orc:2    | Noticed Necrophagist's ghost (journeyman DsCj)
 34648 | Orc:2    | Noticed Longtemps's ghost (journeyman OpIE)
 34648 | Orc:2    | Noticed leebro123's ghost (journeyman DsBe)
 34676 | Orc:2    | Bought a Trismegistus Codex for 392 gold pieces
 34676 | Orc:2    | Bought a scroll of enchant armour for 105 gold pieces
 34683 | Orc:2    | Learned a level 3 spell: Mephitic Cloud
 34687 | Orc:2    | Learned a level 3 spell: Ignite Poison
 34845 | Orc:2    | Found a staircase to the Elven Halls.
 34905 | Orc:2    | Found Bachorize's Antique Armour Boutique.
 35043 | Orc:2    | Found Ifaimp's Antique Weapon Shop.
 35419 | Orc:2    | Killed Longtemps's ghost
 35420 | Orc:2    | Killed Necrophagist's ghost
 35421 | Orc:2    | Reached XP level 17. HP: 100/131 MP: 15/33
 35441 | Orc:2    | Killed leebro123's ghost
 35759 | D:15     | Entered Level 15 of the Dungeon
 36218 | D:15     | Found a glowing golden altar of the Shining One.
 36345 | D:15     | Learned a level 5 spell: Freezing Cloud
 36810 | D:15     | Found a staircase to the Depths.
 37381 | Spider:1 | Entered Level 1 of the Spider Nest
 37757 | Spider:1 | Noticed Asterion
 37778 | Spider:1 | Killed Asterion
 38385 | Spider:1 | Noticed Josephine
 38388 | Spider:1 | Reached skill level 10 in Hexes
 38388 | Spider:1 | Reached skill level 10 in Summonings
 38388 | Spider:1 | Reached skill level 10 in Necromancy
 38388 | Spider:1 | Reached skill level 10 in Translocations
 38388 | Spider:1 | Reached skill level 10 in Transmutations
 38388 | Spider:1 | Reached skill level 10 in Fire Magic
 38388 | Spider:1 | Reached skill level 10 in Ice Magic
 38388 | Spider:1 | Reached skill level 10 in Air Magic
 38388 | Spider:1 | Reached skill level 10 in Earth Magic
 38388 | Spider:1 | Reached skill level 10 in Poison Magic
 38392 | Spider:1 | Killed Josephine
 39430 | Spider:2 | Noticed Mlioglotl
 39444 | Spider:2 | Killed Mlioglotl
 39616 | Spider:2 | Noticed Arachne
 39635 | Spider:2 | Killed Arachne
 39651 | Spider:2 | Reached skill level 12 in Bows
 40807 | Spider:3 | Reached XP level 18. HP: 103/140 MP: 27/35
 41585 | Spider:3 | Identified Roxanne's Collected Works on Clay
 41585 | Spider:3 | Noticed Roxanne
 41629 | Spider:3 | Killed Roxanne
 41686 | Spider:3 | Learned a level 2 spell: Passwall
 42060 | Spider:4 | Entered Level 4 of the Spider Nest
 44206 | Spider:4 | Got a gossamer rune of Zot
 44537 | Shoals:1 | Entered Level 1 of the Shoals
 44956 | Shoals:1 | Found a hide-covered altar of Uskayaw.
 45189 | Shoals:1 | Identified the +7 morningstar of the Spinneret {drain,
                  | Int+8 Dex+4 Stlth+}
 45798 | Shoals:2 | Reached XP level 19. HP: 140/148 MP: 36/36
 46169 | Shoals:2 | Found Xiukause's Weapon Shop.
 47098 | Shoals:3 | Reached skill level 13 in Bows
 47720 | Shoals:3 | Learned a level 5 spell: Borgnjor's Vile Clutch
 47787 | Shoals:4 | Entered Level 4 of the Shoals
 47787 | Shoals:4 | Found a sacrificial altar of Ru.
 48107 | Shoals:4 | Paralysed by an air elemental for 1 turns
 48320 | Shoals:4 | Identified the +0 chain mail "Paleargh" {Drain rC+ Str+4}
 49024 | Shoals:4 | Found a stormy altar of Qazlal.
 49270 | Shoals:4 | Paralysed by an air elemental for 1 turns
 49327 | Shoals:4 | Paralysed by an air elemental for 1 turns
 49840 | Shoals:4 | Got Sif Muna's Papyrus of Transmutation and Contamination
 49844 | Shoals:4 | Got a barnacled rune of Zot
 50300 | Vaults:1 | Entered Level 1 of the Vaults
 50689 | Vaults:1 | Reached XP level 20. HP: 157/157 MP: 21/38
 51205 | Vaults:1 | Identified the +7 chain mail of Moral Flaws {Int+3}
 51539 | Vaults:1 | Found Heuriul's Assorted Antiques.
 52464 | Vaults:2 | Reached skill level 15 in Invocations
 53513 | Vaults:2 | Reached skill level 14 in Bows
 54457 | Vaults:3 | Found a crumbling gateway.
 54462 | Desolati | Entered the Desolation of Salt
 54527 | Desolati | Identified the +8 hand crossbow "Takhual" {elec, Fragile
                  | rF+++ rN++}
 54564 | Desolati | Reached XP level 21. HP: 146/165 MP: 4/39
 54589 | Desolati | Identified the ring "Otzilaf" {Wiz Fly Int+4 Dex-5 Slay+3}
 54595 | Desolati | Got the Disquisition on Shape Shifting and Heat
 54767 | Desolati | Identified the ring "Esoehug" {Ice SInv}
 54773 | Desolati | Identified the +1 buckler of Cableolu {+Blink rC- rN+++
                  | Slay-4}
 54783 | Desolati | Identified the +1 cloak of Morality {Dex+5}
 54785 | Desolati | Identified the ring "Wousi" {Ice rElec Dex+2 Stlth+}
 54794 | Desolati | Got Kerho's Almanac of the Nocuous Oath
 54802 | Desolati | Identified the +4 broad axe of Onnao {vorpal, Dex+4}
 54816 | Desolati | Identified the +1 scale mail of the Blizzard {+Inv Int+4}
 54952 | Desolati | Reached skill level 15 in Spellcasting
 55547 | Desolati | Got the Disquisition on the Destructive Oath
 55550 | Desolati | Got Sif Muna's Reference Book on Darkness and the Birds
 55553 | Desolati | Got Leda's Catalogue of the Rocks
 55560 | Desolati | Got Niqacwumu's Reference Book on Orientation and Feathers
 55566 | Desolati | Got the Compendium of Gliding Creation
 55569 | Desolati | Got Sif Muna's Catalogue of Supportive Stones
 55573 | Desolati | Got the Reference Book on the Entourage
 55858 | Vaults:3 | Reached skill level 15 in Dodging
 56238 | Vaults:3 | Reached skill level 15 in Stealth
 56480 | Vaults:3 | Noticed a dread lich
 56481 | Vaults:3 | Paralysed by a dread lich for 2 turns
 56697 | Vaults:3 | Learned a level 6 spell: Iron Shot
 57169 | Vaults:3 | Found a staircase to the Crypt.
 57242 | Vaults:3 | Killed a dread lich
 57830 | Vaults:4 | Learned a level 6 spell: Statue Form
 58406 | Vaults:4 | Reached XP level 22. HP: 174/174 MP: 23/41
 58808 | Vaults:4 | Found Kairch's Armour Boutique.
 58830 | Vaults:4 | Noticed Aizul
 58857 | Vaults:3 | Killed Aizul
 58965 | Vaults:4 | Paralysed by a great orb of eyes for 6 turns
 59327 | Vaults:4 | Paralysed by a great orb of eyes for 7 turns
 59754 | Elf:1    | Entered Level 1 of the Elven Halls
 59846 | Elf:1    | Found a magical portal.
 59851 | WizLab   | Entered Borgnjor's Mausoleum
 59894 | WizLab   | Reached skill level 15 in Fighting
 59894 | WizLab   | Reached skill level 15 in Short Blades
 59894 | WizLab   | Reached skill level 15 in Long Blades
 59894 | WizLab   | Reached skill level 15 in Axes
 59894 | WizLab   | Reached skill level 15 in Maces & Flails
 59894 | WizLab   | Reached skill level 15 in Polearms
 59894 | WizLab   | Reached skill level 15 in Staves
 59894 | WizLab   | Reached skill level 15 in Slings
 59894 | WizLab   | Reached skill level 15 in Bows
 59894 | WizLab   | Reached skill level 15 in Crossbows
 59894 | WizLab   | Reached skill level 15 in Throwing
 59894 | WizLab   | Reached skill level 15 in Armour
 59894 | WizLab   | Reached skill level 15 in Shields
 59894 | WizLab   | Reached skill level 15 in Unarmed Combat
 59894 | WizLab   | Reached skill level 15 in Evocations
 60301 | WizLab   | Got the Papyrus of Stolen Souls
 60303 | WizLab   | Got Borgnjor's Compendium of Evil Rites
 60740 | Elf:1    | Found Okuesom's General Store.
 60770 | Elf:1    | Bought a wand of acid (2) for 192 gold pieces
 60770 | Elf:1    | Bought a potion of heal wounds for 80 gold pieces
 60847 | Elf:1    | Found Kayl's Distillery.
 60859 | Elf:1    | Bought a potion of resistance for 160 gold pieces
 60859 | Elf:1    | Bought 2 potions of cancellation for 256 gold pieces
 60859 | Elf:1    | Bought a potion of resistance for 160 gold pieces
 60859 | Elf:1    | Bought a potion of brilliance for 64 gold pieces
 60943 | Elf:1    | Found Qeusual's Magic Scroll Boutique.
 60952 | Elf:1    | Bought a scroll of amnesia for 49 gold pieces
 60952 | Elf:1    | Bought a scroll of teleportation for 42 gold pieces
 60952 | Elf:1    | Bought a scroll of magic mapping for 49 gold pieces
 60952 | Elf:1    | Bought a scroll of poison for 49 gold pieces
 61131 | Elf:1    | Paralysed by an air elemental for 1 turns
 61635 | Elf:1    | Found Zocuclos's Weapon Boutique.
 61895 | Elf:1    | Got Sif Muna's Disquisition on the Escort
 62575 | Elf:2    | Reached XP level 23. HP: 182/182 MP: 18/43
 62694 | Elf:2    | Found a huge runed translucent gate.
 62694 | Elf:2    | Found a huge runed translucent gate.
 62705 | Elf:2    | Found a huge runed translucent gate.
 63002 | Elf:2    | Found a huge runed translucent gate.
 63002 | Elf:2    | Found a huge runed translucent gate.
 63414 | Elf:2    | Noticed Nikola
 63426 | Elf:2    | Killed Nikola
 63704 | Elf:3    | Entered Level 3 of the Elven Halls
 64325 | Elf:3    | Identified the +3 scale mail of the Fae Monkey {rElec rN++
                  | Str+2}
 64529 | Elf:3    | Noticed Zenata
 64541 | Elf:3    | Killed Zenata
 64790 | Elf:3    | Cast into level 3 of the Abyss (a deep elf demonologist)
 65868 | Abyss:3  | Learned a level 5 spell: Iskenderun's Battlesphere
 67020 | Abyss:3  | Paralysed by accursed screaming for 1 turns
 67061 | Abyss:3  | Gained mutation: Potions are less effective at restoring
                  | your health. [a neqoxec]
 67543 | Abyss:3  | Found a corrupted altar of Lugonu.
 68318 | Abyss:3  | Gained mutation: You are clumsy. (Dex -2) [a neqoxec]
 68746 | Abyss:3  | Learned a level 1 spell: Apportation
 68978 | Abyss:3  | Paralysed by accursed screaming for 1 turns
 68994 | Abyss:3  | Paralysed by accursed screaming for 1 turns
 69253 | Abyss:3  | Noticed a dread lich
 69271 | Abyss:3  | Killed a dread lich
 69299 | Elf:3    | Escaped the Abyss
 69309 | Elf:3    | HP: 5/150 [deep elf blademaster/+0 short sword (17)]
 69460 | Elf:3    | Lost mutation: Potions are less effective at restoring your
                  | health. [potion of mutation]
 69460 | Elf:3    | Lost mutation: You are clumsy. (Dex -2) [potion of
                  | mutation]
 69460 | Elf:3    | Gained mutation: You have supernaturally acute eyesight.
                  | (SInv) [potion of mutation]
 69628 | Elf:3    | Reached skill level 15 in Conjurations
 69643 | Elf:3    | Identified the amulet "Wuhishoso" {Reflect rCorr Int+3
                  | Dex+3 SH+5}
 69757 | Elf:3    | Identified the +4 flail "Omelette" {freeze, Dex+2}
 69964 | Elf:3    | Identified the +7 short sword "Xyzeq" {venom, Dex+4}
 70521 | Vaults:4 | Bought the +1 cloak "Damnable Contraption" {+Inv rElec rN++
                  | rCorr} for 838 gold pieces
 70585 | Crypt:1  | Entered Level 1 of the Crypt
 70641 | Crypt:1  | Noticed Xtahua
 70649 | Crypt:1  | Killed Xtahua
 71213 | Crypt:1  | Found a basalt altar of Yredelemnul.
 71358 | Crypt:1  | Noticed Jory
 71378 | Crypt:1  | Killed Jory
 72226 | Crypt:1  | Noticed Vv
 72240 | Crypt:1  | Killed Vv
 72531 | Crypt:1  | Reached skill level 16 in Bows
 73625 | Crypt:2  | Reached XP level 24. HP: 191/191 MP: 37/43
 74720 | Crypt:3  | Entered Level 3 of the Crypt
 75349 | Crypt:3  | Found a staircase to the Tomb.
 75395 | Crypt:3  | Identified the ring "Nika" {Fly rF+ Str+3 SInv}
 75690 | Crypt:3  | Found a basalt altar of Yredelemnul.
 76017 | Crypt:3  | Identified the +8 chain mail "Gotwo" {Slay+3}
 76313 | Crypt:3  | Identified the +9 whip of Rimuell {vorpal, rF+ Str+3 SInv}
 76389 | Crypt:3  | Identified the +4 whip "Ishel" {freeze, Str-4 Int+4 Dex+4}
 76404 | Crypt:3  | Got the Catalogue of Sinister Rituals
 76420 | Crypt:3  | Identified the +11 mace of Indignation {vorpal, Str+2}
 77084 | Slime:1  | Entered Level 1 of the Pits of Slime
 77099 | Slime:1  | Learned a level 8 spell: Necromutation
 78855 | Slime:1  | Reached XP level 25. HP: 199/199 MP: 16/44
 79964 | Slime:5  | Entered Level 5 of the Pits of Slime
 80252 | Slime:5  | Noticed the Royal Jelly
 82566 | Slime:5  | Found a viscous altar of Jiyva.
 82630 | Slime:5  | Killed the Royal Jelly
 83142 | Slime:5  | Got a slimy rune of Zot
 83212 | Slime:5  | Identified the ring "Wolar" {rC+ Will+ Int+4 Dex+4}
 83215 | Slime:5  | Identified the +8 broad axe of Gunuutaisu {spect, *Rage
                  | rElec rF- rC++ Stlth+}
 83242 | Slime:5  | Identified the ring "Beniazxai" {rPois rN++ Int+6 SInv
                  | Stlth+}
 83262 | Slime:5  | Identified the +9 quarterstaff of the Hero {drain, rC+}
 83576 | Depths:1 | Entered Level 1 of the Depths
 83707 | Depths:1 | Acquired the +11 war axe of a Gauntlet {drain, *Corrode
                  | +Blink rF+ rC++}
 83710 | Depths:1 | Acquired a staff of conjuration
 83711 | Depths:1 | Acquired 377 gold pieces
 83730 | Depths:1 | Reached skill level 17 in Bows
 84084 | Depths:1 | Found a gateway to Hell.
 84095 | Hell     | Entered the Vestibule of Hell
 84095 | Hell     | Noticed Geryon
 84618 | Hell     | Killed Geryon
 84772 | Hell     | Noticed an ancient lich
 84782 | Hell     | Killed an ancient lich
 85438 | Hell     | Found a gateway to the Iron City of Dis.
 85920 | Hell     | Found a gateway to the freezing wastes of Cocytus.
 86225 | Hell     | Found a gateway to the decaying netherworld of Tartarus.
 86441 | Hell     | Found a gateway to the ashen valley of Gehenna.
 87531 | Depths:1 | Found a sparkling altar of Nemelex Xobeh.
 88425 | Depths:2 | Reached XP level 26. HP: 208/208 MP: 39/45
 88716 | Depths:2 | Found a shimmering blue altar of Sif Muna.
 88925 | Depths:2 | Found a one-way gate leading to the halls of Pandemonium.
 89214 | Depths:3 | Found Izoan's Magic Scroll Shoppe.
 89325 | Depths:3 | Noticed Parghit
 89362 | Depths:3 | Killed Parghit
 89671 | Depths:3 | Noticed Boris
 89677 | Depths:3 | Killed Boris
 89816 | Depths:3 | Found a radiant altar of Vehumet.
 90059 | Depths:3 | Found a one-way gate to the infinite horrors of the Abyss.
 90391 | Depths:3 | Noticed Margery
 90395 | Depths:3 | Reached skill level 15 in Hexes
 90395 | Depths:3 | Reached skill level 15 in Summonings
 90395 | Depths:3 | Reached skill level 15 in Necromancy
 90395 | Depths:3 | Reached skill level 15 in Translocations
 90395 | Depths:3 | Reached skill level 15 in Transmutations
 90395 | Depths:3 | Reached skill level 15 in Fire Magic
 90395 | Depths:3 | Reached skill level 15 in Ice Magic
 90395 | Depths:3 | Reached skill level 15 in Air Magic
 90395 | Depths:3 | Reached skill level 15 in Earth Magic
 90395 | Depths:3 | Reached skill level 15 in Poison Magic
 90405 | Depths:3 | Killed Margery
 90716 | Depths:3 | Noticed Saint Roka
 90732 | Depths:3 | Killed Saint Roka
 91106 | Depths:3 | Bought a scroll of poison for 63 gold pieces
 91183 | Depths:4 | Entered Level 4 of the Depths
 91676 | Depths:4 | Found Rearaluo's Armour Shoppe.
 91957 | Depths:4 | Identified the -3 pair of boots "Yrogeko" {-Cast rElec
                  | rPois rCorr}
 92011 | Depths:4 | Found a one-way gateway to a ziggurat.
 92902 | Depths:4 | Found a gate to the Realm of Zot.
 93040 | Depths:4 | Identified the ring of Forasok {Dex+6 SInv}
 93183 | Zot:1    | Entered Level 1 of the Realm of Zot
 93682 | Elf:3    | Reached skill level 18 in Bows
 93849 | Elf:3    | Got Horiushre's Intricacies of Theurgy
 93855 | Elf:3    | Identified the +5 shortbow of Equilibrium {flame, Drain
                  | Int+8}
 94523 | Depths:3 | Voluntarily entered the Abyss.
 94545 | Abyss:1  | Noticed an ancient lich
 94554 | Abyss:1  | Killed an ancient lich
 94568 | Abyss:2  | Found a corrupted altar of Lugonu.
 94571 | Abyss:2  | Found a corrupted altar of Lugonu.
 94839 | Abyss:2  | Found a corrupted altar of Lugonu.
 95075 | Abyss:2  | Gained mutation: You are dopey. (Int -2) [a neqoxec]
 95127 | Abyss:2  | Found a corrupted altar of Lugonu.
 95410 | Abyss:3  | Found a corrupted altar of Lugonu.
 95468 | Abyss:3  | Paralysed by accursed screaming for 1 turns
 95513 | Abyss:3  | Found a corrupted altar of Lugonu.
 96767 | Abyss:3  | Gained mutation: You possess an exceptional clarity of
                  | mind. [a cacodemon]
 97488 | Abyss:3  | Found a corrupted altar of Lugonu.
 98422 | Abyss:3  | Noticed a dread lich
 98426 | Abyss:3  | Killed a dread lich
 98702 | Abyss:3  | Gained mutation: You have an increased reservoir of magic.
                  | (+10% MP) [a neqoxec]
 98751 | Abyss:3  | Found a corrupted altar of Lugonu.
 98993 | Abyss:3  | Found a corrupted altar of Lugonu.
 99212 | Abyss:3  | Found a corrupted altar of Lugonu.
 99418 | Abyss:3  | Noticed a dread lich
 99425 | Abyss:3  | Paralysed by a dread lich for 2 turns
100035 | Abyss:4  | Paralysed by accursed screaming for 2 turns
100219 | Abyss:4  | Paralysed by accursed screaming for 1 turns
100661 | Abyss:4  | Found a corrupted altar of Lugonu.
101590 | Abyss:4  | Found a sacrificial altar of Ru.
101701 | Abyss:4  | Paralysed by you for 4 turns
101786 | Abyss:5  | Entered Level 5 of the Abyss
101980 | Abyss:5  | Found a corrupted altar of Lugonu.
102010 | Abyss:5  | Found a corrupted altar of Lugonu.
102236 | Depths:3 | Escaped the Abyss
104990 | Vaults:5 | Entered Level 5 of the Vaults
105000 | Vaults:5 | Reached XP level 27. HP: 217/217 MP: 33/50
105025 | Vaults:5 | Identified the ring "Juat" {rPois Will+ Str+10 Int-5 Dex+6}
105574 | Vaults:5 | Noticed a dread lich
105585 | Vaults:5 | Killed a dread lich
105864 | Vaults:5 | Noticed an ancient lich
105871 | Vaults:5 | Killed an ancient lich
106009 | Vaults:5 | Noticed a dread lich
106019 | Vaults:5 | Killed a dread lich
106020 | Vaults:5 | Reached skill level 19 in Bows
106038 | Vaults:5 | Noticed a dread lich
106041 | Vaults:5 | Killed a dread lich
106106 | Vaults:5 | Noticed a dread lich
106112 | Vaults:5 | Paralysed by a dread lich for 2 turns
106116 | Vaults:5 | Killed a dread lich
106208 | Vaults:5 | Learned a level 8 spell: Borgnjor's Revivification
106242 | Vaults:5 | Learned a level 9 spell: Fire Storm
106500 | Vaults:5 | Noticed a dread lich
106768 | Vaults:4 | Killed a dread lich
107542 | Vaults:5 | Identified the +7 scale mail of Hocil {Rampage *Slow +Blink
                  | Regen+}
107850 | Vaults:5 | Identified the -6 helmet "Jugien" {Str+4}
107862 | Vaults:5 | Got a silver rune of Zot
108456 | Tomb:1   | Entered Level 1 of the Tomb of the Ancients
108699 | Tomb:1   | Paralysed by a sphinx for 4 turns
108932 | Tomb:1   | Noticed a royal mummy
108937 | Tomb:1   | Killed a royal mummy
109577 | Tomb:1   | Noticed a royal mummy
109581 | Tomb:1   | Killed a royal mummy
110580 | Tomb:2   | Noticed a royal mummy
110590 | Tomb:2   | Killed a royal mummy
110591 | Tomb:2   | Noticed a royal mummy
110597 | Tomb:2   | Killed a royal mummy
110603 | Tomb:2   | Noticed a royal mummy
110619 | Tomb:2   | Killed a royal mummy
110620 | Tomb:2   | Reached skill level 20 in Bows
110624 | Tomb:2   | Noticed a royal mummy
110626 | Tomb:2   | Noticed a royal mummy
110672 | Tomb:2   | Killed a royal mummy
110965 | Tomb:2   | Killed a royal mummy
111514 | Tomb:1   | Noticed a royal mummy
111523 | Tomb:1   | Killed a royal mummy
111531 | Tomb:1   | Noticed a royal mummy
111535 | Tomb:1   | Killed a royal mummy
111708 | Tomb:1   | Noticed a royal mummy
111713 | Tomb:1   | Killed a royal mummy
111849 | Tomb:1   | Noticed a royal mummy
111855 | Tomb:1   | Killed a royal mummy
111995 | Tomb:1   | Noticed a royal mummy
112009 | Tomb:1   | Killed a royal mummy
112085 | Tomb:1   | Noticed a royal mummy
112090 | Tomb:1   | Killed a royal mummy
112195 | Tomb:1   | Noticed a royal mummy
112212 | Tomb:1   | Killed a royal mummy
112464 | Tomb:1   | Noticed a royal mummy
112468 | Tomb:1   | Noticed a royal mummy
112469 | Tomb:1   | Killed a royal mummy
112477 | Tomb:1   | Noticed a royal mummy
112482 | Tomb:1   | Killed a royal mummy
112492 | Tomb:1   | Killed a royal mummy
112496 | Tomb:1   | Noticed a royal mummy
112510 | Tomb:1   | Killed a royal mummy
112551 | Tomb:1   | Noticed a royal mummy
112555 | Tomb:1   | Noticed a royal mummy
112558 | Tomb:1   | Killed a royal mummy
112564 | Tomb:1   | Killed a royal mummy
112874 | Tomb:1   | Noticed a royal mummy
112881 | Tomb:1   | Killed a royal mummy
112908 | Tomb:1   | Noticed a royal mummy
112913 | Tomb:1   | Killed a royal mummy
113015 | Tomb:1   | Noticed a royal mummy
113021 | Tomb:1   | Killed a royal mummy
113276 | Tomb:1   | Upgraded the game from 0.29-a0-378-gc08b2e8bf8 to
                  | 0.29-a0-383-g8b6f518c11
113863 | Geh:1    | Entered Level 1 of Gehenna
115249 | Zig:1    | Entered Level 1 of a ziggurat
115263 | Zig:2    | Entered Level 2 of a ziggurat
115399 | Zig:3    | Entered Level 3 of a ziggurat
115399 | Zig:3    | Noticed a dread lich
115399 | Zig:3    | Found the +6 lightning scales {swift, rElec}
115416 | Zig:3    | Killed a dread lich
115583 | Zig:4    | Entered Level 4 of a ziggurat
115765 | Zig:4    | Identified the +4 quarterstaff of Watchfulness {vamp,
                  | rPois}
115773 | Zig:5    | Entered Level 5 of a ziggurat
115796 | Zig:5    | Acquired the Guide on Ignition
115800 | Zig:5    | Identified the +4 pair of boots of Xeaji {*Corrode rF+
                  | Regen+ SInv}
115804 | Zig:5    | Identified the +2 cloak "Tuoc" {rF+ Str+2 Int+2 Dex+3}
115842 | Zig:6    | Entered Level 6 of a ziggurat
115848 | Zig:6    | Reached skill level 21 in Bows
115860 | Zig:6    | Identified the +1 whip of the Unliving {vorpal, rC+ Int+6
                  | Dex+4}
115938 | Zig:7    | Entered Level 7 of a ziggurat
115972 | Zig:7    | Identified the +11 war axe of Utasmy {pain, rElec}
115986 | Zig:8    | Entered Level 8 of a ziggurat
116151 | Zig:8    | Identified the ring "Ogubie Wacac" {Will+ Str+6}
116171 | Zig:9    | Entered Level 9 of a ziggurat
116182 | Zig:9    | Noticed Liasier the pandemonium lord
116186 | Zig:9    | Killed Liasier the pandemonium lord
116191 | Zig:9    | Found the +4 Cigotuvi's embrace {rMiasma Drain rN+}
116212 | Zig:9    | Identified the +2 mace "Ogrebane" {vorpal, rC+ Dex+4}
116213 | Zig:9    | Identified the +8 rapier of Taorch {vorpal, Fly rF+ rC+
                  | rCorr}
116259 | Zig:10   | Entered Level 10 of a ziggurat
116275 | Zig:10   | Noticed Yrghun the pandemonium lord
116286 | Zig:11   | Entered Level 11 of a ziggurat
116778 | Zig:11   | Identified the ring "Kilafumi" {rN+ Int+6}
116801 | Zig:12   | Entered Level 12 of a ziggurat
116853 | Zig:12   | Identified the +0 robe "Fahyos" {rC+}
116856 | Zig:12   | Identified the ring of Vimickuq {rPois SInv}
116868 | Zig:13   | Entered Level 13 of a ziggurat
116868 | Zig:13   | Noticed a dread lich
116888 | Zig:13   | Noticed Boset the pandemonium lord
116890 | Zig:13   | Noticed Donn the pandemonium lord
116892 | Zig:13   | Killed Boset the pandemonium lord
116893 | Zig:13   | Killed Donn the pandemonium lord
116894 | Zig:13   | Noticed Fosavuoq the pandemonium lord
116914 | Zig:13   | Killed Fosavuoq the pandemonium lord
116920 | Zig:13   | Gained mutation: You are clumsy. (Dex -2) [a shining eye]
117088 | Zig:13   | Killed a dread lich
117381 | Zig:14   | Entered Level 14 of a ziggurat
117415 | Zig:14   | Reached skill level 22 in Bows
117465 | Zig:14   | Identified the +8 falchion "Gram" {vorpal, *Noise Str+2
                  | Stlth+}
117467 | Zig:14   | Identified the +1 helmet of Inquiry {Slay+3}
117493 | Zig:14   | Learned a level 9 spell: Death's Door
117559 | Zig:15   | Entered Level 15 of a ziggurat
117582 | Zig:15   | Noticed Faimo the pandemonium lord
117586 | Zig:15   | Noticed Ubaotysu the pandemonium lord
117587 | Zig:15   | Noticed Vemattag the pandemonium lord
117588 | Zig:15   | Killed Ubaotysu the pandemonium lord
117592 | Zig:15   | Noticed Kulorit the pandemonium lord
117594 | Zig:15   | Killed Vemattag the pandemonium lord
117605 | Zig:15   | Killed Kulorit the pandemonium lord
117612 | Zig:15   | Killed Faimo the pandemonium lord
118103 | Zig:15   | Identified the ring of Tyamioff {AC+4 Dex+4}
118124 | Zig:16   | Entered Level 16 of a ziggurat
118249 | Zig:16   | Killed from afar by a crystal echidna

Illustrated notes

Levels and vault maps discovered:
D:1:      dpeg_arrival_lava_altar, layout_loops_corners,
          hangedman_abyss_or_decor_stabs, grunt_decor_clamped, minmay_tromino_i4
D:2:      layout_basic, chequers_big_river, uniq_crazy_yiuf_cottage
D:3:      layout_basic
D:4:      layout_loops_ring, serial_shops, shop, shop, shop_fountains,
          saegor_snake_ambush, uniq_duvessa
D:5:      layout_cave_pools
D:6:      layout_cave_pods, minmay_temple_entry_butterflies
D:7:      layout_gridville, nicolae_vehumet_radiance, kennysheep_windowed_goal
D:8:      layout_loops_ring, serial_rivers, chequers_serial_rivers_marsh,
          chequers_serial_rivers_room_b, chequers_serial_rivers_room_b,
          chequers_serial_rivers_large_b, chequers_serial_rivers_micro_e,
          chequers_serial_rivers_micro_a, serial_bayou_lake_a,
          uniq_prince_ribbit1
D:9:      minmay_the_grid_triangle_9x9_rhombus_full
          [minmay_the_grid_triangle_9x9_descending_squares,
          minmay_the_grid_triangle_9x9_empty,
          minmay_the_grid_triangle_9x9_corruption,
          minmay_the_grid_triangle_9x9_corrupted_corridor,
          minmay_the_grid_triangle_9x9_warning,
          minmay_the_grid_triangle_9x9_semitri,
          minmay_the_grid_triangle_9x9_cache,
          minmay_the_grid_triangle_9x9_prize_insulated], layout_grid_maze,
          mainiacjoe_overflow_brackets, st_stairs_5, uniq_psyche, uniq_maurice,
          uniq_erolcha
D:10:     layout_gridville, mainiacjoe_overflow_big_doors, erik_lair_island
D:11:     layout_rooms, serial_aquarium, aquarium_bridge_square
          [aquarium_subvault_wall, aquarium_subvault_wall,
          aquarium_subvault_window, aquarium_subvault_bridge],
          aquarium_bridge_square [aquarium_subvault_wall,
          aquarium_subvault_balcony, aquarium_subvault_bridge,
          aquarium_subvault_bridge], aquarium_window_3, aquarium_window_corner,
          aquarium_window_2, aquarium_window_corner, aquarium_view_2d,
          aquarium_balcony_3b, uniq_grum
D:12:     layout_long_grid, kennysheep_orc_monster_closet_entryway,
          serial_shops, nicolae_shop_stone, nicolae_take_the_stairs,
          shop_fountains, shop
D:13:     layout_basic, portal_ice_cave_entry_imps
D:14:     layout_basic, david_vaults_1, special_room [special_room_orc],
          kennysheep_small_spiral, drop_trap
D:15:     hangedman_depths_entry_try_elsewhere_first, layout_rooms,
          minmay_misc_feat_encased, drop_trap, st_stairs_4, roderic_lattice_a,
          chequers_serial_rivers_large_a, tso_oasis_becter
Temple:   eino_narrow_crystal_temple
Lair:1:   layout_long_grid, kennysheep_abandoned_house, grunt_megastairs_3
Lair:2:   minmay_lair_oklob_tunnel, layout_misc_corridors
Lair:3:   layout_roguey [special_room_bee], elwin_shoals_entry_stream,
          infiniplex_staircase_pool, grunt_megastairs_4, uniq_fannar
Lair:4:   layout_regular_city, spider_nest_entry_web_field, beast_lair_carwin_9,
          lemuel_fruit_tree
Lair:5:   layout_small_grid, lemuel_fruit_fields
Lair:6:   evilmike_catoblepas_cave, layout_loops_ring,
          minmay_slime_entry_pillars, lemuel_oklob_altar, grunt_megastairs_1,
          uniq_rupert
Shoals:1: layout_shoals, regret_index_shoals_crete
Shoals:2: layout_shoals, serial_shops, nicolae_shop_bloodbath_and_beyond
Shoals:3: layout_shoals
Shoals:4: shoals_end_hellmonk_storm_palace [storm_palace_center_circular,
          storm_palace_corner_blocked, storm_palace_corner_narrow,
          storm_palace_corner_altar, storm_palace_corner_altar]
Spider:1: layout_spider_delve, hangedman_spider_tarantella_strand,
          uniq_josephine, uniq_asterion
Spider:2: layout_spider_delve, uniq_mlioglotl, uniq_arachne
Spider:3: layout_spider_delve, uniq_roxanne
Spider:4: grunt_spider_rune_circles, special_room
Slime:1:  layout_caves, special_room [special_room_jelly]
Slime:2:  layout_caves
Slime:3:  layout_caves
Slime:4:  layout_caves
Slime:5
Orc:1:    dreamdust_dug_too_deep, layout_caves, minmay_orc_treasury
Orc:2:    grunt_orc_gardens, layout_diamond_mine, grunt_orc_garden,
          grunt_orc_garden, grunt_orc_garden, grunt_orc_garden, serial_shops,
          shop, shop, gammafunk_ghost_cemetery
Elf:1:    elf_arrival_002, layout_geoelf_octagon, serial_shops, shop,
          nicolae_shop_waterfront, shop, shop_scrolls, mu_enter_wizlab_1,
          minmay_elf_demonology, amcnicky_mini_rare_corridor_liquid
Elf:2:    elven_hall_of_blades_hangedman_alternative
          [nicolae_blade_entry_pointy_end], layout_gridlike,
          lemuel_flame_loot_1, uniq_nikola
Elf:3:    grunt_elf_hall_asides, layout_loops_corners, uniq_zenata
Vaults:1: nicolae_vaults_puzzle_piece, v_misc_27, st_lattice,
          hangedman_vaults_slither, nicolae_vaults_three_branches,
          vaults_room_grunt_arrival_ludios, ontoclasm_vaults_ring_small,
          v_misc_13, vaults_room_corners, vaults_dpeg_spiral,
          nicolae_vaults_rhombus_7, nicolae_vaults_little_squares_2,
          serial_ice_m, ontoclasm_vaults_shuriken, ontoclasm_vaults_twist,
          ontoclasm_vaults_hangar, layout_vaults_omnibox, serial_shops, shop
Vaults:2: v_misc_3, nicolae_vaults_little_squares_4,
          nicolae_vaults_disjoint_gnomons, hangedman_vaults_stitches,
          nicolae_vaults_rhombus_6, v_misc_1, v_rooms_6, vaults_room_fours,
          nicolae_vaults_asterisk, vaults_room_pools,
          nicolae_vaults_little_squares_2, grunt_vaults_hallway_short,
          layout_vaults_omnicross
Vaults:3: portal_desolation_entry_ruin, nicolae_vaults_triangles, v_rooms_5,
          v_alt_pattern_1, nicolae_vaults_network_s, v_misc_15,
          minmay_crypt_entry_simple_sparse, nicolae_vaults_border_crossing,
          v_misc_31, nicolae_vaults_statue_guard,
          nicolae_vaults_little_squares_3, hangedman_vaults_maws,
          ontoclasm_vaults_decontamination, layout_vaults_ring
Vaults:4: v_alt_pattern_1, vaults_room_grid, nicolae_vaults_big_ls,
          hangedman_vaults_pinch, vaults_dpeg_cross, ontoclasm_vaults_spin,
          nicolae_vaults_sealed_display, dpeg_vaults_monster_box,
          layout_vaults_omnigrid, serial_shops, shop, uniq_aizul
Vaults:5: serial_shops
Crypt:1:  layout_chaotic_city, amcnicky_mini_corridor_feature,
          nicolae_crypt_twisting_catacombs, lemuel_mausoleum_altar_yredelemnul,
          uniq_vv, uniq_jory, uniq_xtahua
Crypt:2:  layout_catacombs, st_chilly_death
Crypt:3:  church_of_pain_bobbens, layout_chaotic_city, tomb_entry_simple_bobbens
Tomb:1
Tomb:2
Depths:1: layout_gridlike, hangedman_decor_lopped, hangedman_tar_grid_catacomb,
          nemelex_altar_shiori
Depths:2: nicolae_cairo_tiling_very_big, layout_basic,
          nicolae_sif_muna_condensation, pan_entry, hell_entry
Depths:3: evilmike_halls_of_destruction, layout_basic, hell_entry, serial_shops,
          nicolae_inconvenience_store, grunt_decor_mini_mirrors, abyss_entry,
          serial_bayou_shore_b, uniq_margery, uniq_parghit, uniq_saint_roka
Depths:4: grunt_zot_entry_alcove, layout_honeycomb, enter_ziggurat_e,
          kennysheep_crisscross, grunt_mini_vestibule, minmay_shop_star,
          serial_bayou_shore_b
Hell
Geh:1:    layout_gehenna_pools_box
Geh:2:    layout_gehenna_pools_triple, lemuel_flamethrower_3
Zot:1:    layout_twisted_circle, drop_trap, st_stairs_9
Zig:16:   ziggurat_pillar_centre_c, ziggurat_pillar_centre_c,
          ziggurat_pillar_centre_c, ziggurat_pillar_centre_c

Skill      XL: |  1  2  3  4  5  6  7  8  9 10 11 12 13 14 15 16 17 18 19 20 21 22 23 24 25 26 27 |
---------------+----------------------------------------------------------------------------------+-----
Spellcasting   | 5 6 7 8 9 10 11 12 13 14 15 16 17 18 20 | 20.7
Invocations    | 1 2 3 4 5 6 7 8 9 10 11 12 13 14 15 16 17 18 19 21 | 21.8
Fighting       | 1 2 3 4 5 6 7 8 9 10 11 12 13 14 15 16 17 18 20 | 20.2
Short Blades   | 1 2 3 4 5 6 7 8 9 10 11 12 13 14 15 16 17 18 20 | 20.2
Long Blades    | 1 2 3 4 5 6 7 8 9 10 11 12 13 14 15 16 17 18 20 | 20.2
Axes           | 1 2 3 4 5 6 7 8 9 10 11 12 13 14 15 16 17 18 20 | 20.2
Maces & Flails | 1 2 3 4 5 6 7 8 9 10 11 12 13 14 15 16 17 18 20 | 20.2
Polearms       | 1 2 3 4 5 6 7 8 9 10 11 12 13 14 15 16 17 18 20 | 20.2
Staves         | 1 2 3 4 5 6 7 8 9 10 11 12 13 14 15 16 17 18 20 | 20.2
Slings         | 1 2 3 4 5 6 7 8 9 10 11 12 13 14 15 16 17 18 20 | 20.2
Bows           | 1 2 3 4 5 6 7 8 9 10 11 12 13 14 15 16 17 18 22 | 22.3
Crossbows      | 1 2 3 4 5 6 7 8 9 10 11 12 13 14 15 16 17 18 20 | 20.2
Throwing       | 1 2 3 4 5 6 7 8 9 10 11 12 13 14 15 16 17 18 20 | 20.2
Armour         | 1 2 3 4 5 6 7 8 9 10 11 12 13 14 15 16 17 18 20 | 20.2
Shields        | 1 2 3 4 5 6 7 8 9 10 11 12 13 14 15 16 17 18 20 | 20.2
Unarmed Combat | 1 2 3 4 5 6 7 8 9 10 11 12 13 14 15 16 17 18 20 | 20.2
Evocations     | 1 2 3 4 5 6 7 8 9 10 11 12 13 14 15 16 17 18 20 | 20.2
Hexes          | 1 2 3 4 5 6 7 8 9 10 11 12 13 14 15 17 | 17.3
Summonings     | 1 2 3 4 5 6 7 8 9 10 11 12 13 14 15 17 | 17.3
Necromancy     | 1 2 3 4 5 6 7 8 9 10 11 12 13 14 15 17 | 17.3
Translocations | 1 2 3 4 5 6 7 8 9 10 11 12 13 14 15 17 | 17.3
Transmutations | 1 2 3 4 5 6 7 8 9 10 11 12 13 14 15 17 | 17.3
Fire Magic     | 1 2 3 4 5 6 7 8 9 10 11 12 13 14 15 17 | 17.3
Ice Magic      | 1 2 3 4 5 6 7 8 9 10 11 12 13 14 15 19 | 19.1
Air Magic      | 1 2 3 4 5 6 7 8 9 10 11 12 13 14 15 17 | 17.3
Earth Magic    | 1 2 3 4 5 6 7 8 9 10 11 12 13 14 15 17 | 17.3
Poison Magic   | 1 2 3 4 5 6 7 8 9 10 11 12 13 14 15 17 | 17.3
Dodging        | 5 6 7 8 9 10 11 12 13 14 15 16 17 18 21 | 21.2
Stealth        | 5 6 7 8 9 10 11 12 13 14 15 16 17 18 20 | 20.6
Conjurations   | 8 9 10 11 12 13 14 15 16 18 | 18.5

Action                   |  1- 3 |  4- 6 |  7- 9 | 10-12 | 13-15 | 16-18 | 19-21 | 22-24 | 25-27 || total
-------------------------+-------+-------+-------+-------+-------+-------+-------+-------+-------++-------
Melee: Dagger            |     5 |    31 |     4 |       |       |       |       |       |       ||    40
       Bite              |     2 |       |     3 |     9 |   215 |   257 |   280 |   533 |   696 ||  1995
       Punch             |       |     2 |       |       |       |       |       |       |       ||     2
       Flail             |       |       |    27 |    64 |       |       |       |       |       ||    91
       Trident           |       |       |       |    11 |  1222 |  1571 |  1683 |  1781 |       ||  6268
       Morningstar       |       |       |       |       |       |       |       |   944 |  2921 ||  3865
       Sacred scourge    |       |       |       |       |       |       |       |       |   144 ||   144
       War axe           |       |       |       |       |       |       |       |       |   101 ||   101
 Fire: Shortbow          |       |       |    47 |       |       |       |       |       |       ||    47
 Cast: Magic Dart        |    50 |    59 |    53 |   128 |    24 |    99 |    65 |    99 |   116 ||   693
       Searing Ray       |     2 |     8 |    27 |    54 |    18 |     2 |     5 |       |       ||   116
       Stone Arrow       |       |     2 |    26 |   149 |    29 |    72 |    26 |       |       ||   304
       Fulminant Prism   |       |       |       |       |     4 |     9 |    10 |     3 |       ||    26
       Sticky Flame      |       |       |       |       |    13 |    56 |     7 |       |       ||    76
       Passage of Golubr |       |       |       |       |     1 |       |       |       |     2 ||     3
       Fireball          |       |       |       |       |       |   102 |    93 |    71 |   109 ||   375
       Blink             |       |       |       |       |       |    13 |    10 |    25 |    41 ||    89
       Ignite Poison     |       |       |       |       |       |    19 |    26 |    14 |     1 ||    60
       Mephitic Cloud    |       |       |       |       |       |     4 |       |     2 |       ||     6
       Freezing Cloud    |       |       |       |       |       |    21 |    34 |    34 |    49 ||   138
       Passwall          |       |       |       |       |       |     1 |       |     1 |    33 ||    35
       Borgnjor's Vile C |       |       |       |       |       |       |    45 |    69 |    88 ||   202
       Iron Shot         |       |       |       |       |       |       |    18 |   296 |   689 ||  1003
       Statue Form       |       |       |       |       |       |       |     3 |    48 |   105 ||   156
       Iskenderun's Batt |       |       |       |       |       |       |       |    15 |    11 ||    26
       Apportation       |       |       |       |       |       |       |       |     2 |     1 ||     3
       Necromutation     |       |       |       |       |       |       |       |     1 |    49 ||    50
       Fire Storm        |       |       |       |       |       |       |       |       |    68 ||    68
       Borgnjor's Revivi |       |       |       |       |       |       |       |       |     1 ||     1
       Death's Door      |       |       |       |       |       |       |       |       |     1 ||     1
Invok: Slouch            |       |       |       |     3 |     6 |    11 |     6 |    11 |    19 ||    56
       Temporal Distorti |       |       |       |       |     1 |       |       |       |       ||     1
       Bend Time         |       |       |       |       |       |       |       |       |     2 ||     2
 Abil: End Transformatio |       |       |       |       |       |       |       |       |     4 ||     4
Evoke: Wand              |       |       |     1 |    41 |    22 |    10 |    11 |    23 |    36 ||   144
       Condenser vane    |       |       |       |       |       |     1 |     1 |       |     6 ||     8
       Phantom mirror    |       |       |       |       |       |       |       |       |     1 ||     1
  Use: Scroll            |       |    13 |     5 |    10 |    11 |     9 |    11 |     9 |    56 ||   124
       Potion            |       |       |     4 |     5 |     2 |     2 |     3 |    13 |    39 ||    68
 Stab: Sleeping          |       |     4 |     3 |     2 |    19 |    17 |    21 |    30 |     7 ||   103
       Paralysed         |       |       |       |       |    14 |     3 |       |       |       ||    17
       Distracted        |       |       |       |       |     2 |     8 |     6 |    22 |    22 ||    60
       Confused          |       |       |       |       |       |       |       |     1 |       ||     1
       Invisible         |       |       |       |       |       |       |       |       |     1 ||     1
Armor: Robe              |     1 |     7 |    22 |     5 |       |       |       |       |       ||    35
       Pearl dragon scal |       |       |       |    67 |   367 |   462 |   260 |   375 |   508 ||  2039
       Skin              |       |       |       |       |       |       |    11 |   335 |   564 ||   910
       Fire dragon scale |       |       |       |       |       |       |       |       |    17 ||    17
Dodge: Dodged            |     6 |    28 |   102 |   211 |   938 |  1218 |   957 |  1930 |  3810 ||  9200
       Repelled          |       |       |       |       |       |       |    22 |    34 |       ||    56
Block: Buckler           |       |       |       |    66 |    75 |       |       |       |       ||   141
       Kite shield       |       |       |       |       |   939 |  1502 |  1142 |  2437 |  5168 || 11188
       Reflection        |       |       |       |       |       |       |       |     4 |    90 ||    94

Table legend: (Time is in decaauts)
 A = Elapsed time spent in this place.
 B = Non-inter-level travel time spent in this place.
 C = Inter-level travel time spent in this place.
 D = Time resting spent in this place.
 E = Time spent auto-exploring this place.
 F = Levels seen in this place.
 G = Mean time per level.
                   A        B        C        D        E       F      G
               +--------+--------+--------+--------+--------+-----+--------+
         Total | 163368 | 150505 |  12863 |  39291 |  73568 |  83 | 1968.3 |
       Dungeon |  32820 |  27648 |   5172 |   8303 |  15854 |  15 | 2188.0 |
        Temple |     18 |      8 |     10 |      0 |      0 |   1 |   18.0 |
          Lair |  12028 |  10740 |   1288 |   1069 |   7478 |   6 | 2004.7 |
        Shoals |   8211 |   7939 |    272 |   1113 |   4810 |   4 | 2052.8 |
   Spider Nest |   9410 |   8984 |    426 |   3077 |   4121 |   4 | 2352.5 |
    Slime Pits |   7988 |   7796 |    192 |   3691 |   2282 |   5 | 1597.6 |
  Orcish Mines |   6256 |   5552 |    704 |   1805 |   2505 |   2 | 3128.0 |
   Elven Halls |   8849 |   7992 |    857 |   1403 |   4487 |   3 | 2949.7 |
        Vaults |  17506 |  16032 |   1474 |   3561 |   8711 |   5 | 3501.2 |
         Crypt |   8941 |   8104 |    837 |   1342 |   5034 |   3 | 2980.3 |
          Tomb |   7173 |   6813 |    360 |   2938 |   1681 |   2 | 3586.5 |
        Depths |  13161 |  12067 |   1094 |   3543 |   6826 |   4 | 3290.2 |
          Hell |   2611 |   2475 |    136 |    864 |   1030 |   1 | 2611.0 |
       Gehenna |    793 |    773 |     20 |    306 |    386 |   2 |  396.5 |
           Zot |   2341 |   2326 |     15 |    695 |   1351 |   1 | 2341.0 |
         Abyss |  16354 |  16354 |      0 |   2249 |   5148 |   6 | 2725.7 |
      Ziggurat |   3878 |   3878 |      0 |   2017 |     50 |  16 |  242.4 |
      Ice Cave |   2179 |   2179 |      0 |   1039 |    420 |   1 | 2179.0 |
        Wizlab |   1082 |   1082 |      0 |      0 |    532 |   1 | 1082.0 |
    Desolation |   1759 |   1759 |      0 |    272 |    859 |   1 | 1759.0 |
               +--------+--------+--------+--------+--------+-----+--------+

Top non-repeatable levels by time:
 Abyss:3: 11887 daAuts
  Tomb:1: 5951 daAuts
     D:9: 4922 daAuts
Vaults:5: 4146 daAuts
   Orc:1: 3927 daAuts
   Elf:3: 3905 daAuts
Depths:3: 3885 daAuts
Depths:1: 3777 daAuts
Vaults:3: 3652 daAuts
Vaults:2: 3405 daAuts
Vaults:4: 3327 daAuts
    D:13: 3285 daAuts
Depths:4: 3177 daAuts
 Crypt:1: 3162 daAuts
 Abyss:4: 3150 daAuts
